 Dungeon Crawl Stone Soup version 0.18.1-6-gd335043 (webtiles) character file.

53 Jerry the Ducker (level 3, -1/29 HPs)
             Began as a Demigod Gladiator on May 16, 2016.
             Slain by Terence
             ... wielding a +0 flail
              (7 damage)
             ... on level 2 of the Dungeon.
             The game lasted 00:03:04 (1223 turns).

Jerry the Ducker (Demigod Gladiator)                Turns: 1223, Time: 00:03:04

Health: -1/29      AC:  7    Str: 20    XL:     3   Next: 42%
Magic:  5/5        EV: 13    Int: 12    God:
Gold:   116        SH:  0    Dex: 16    Spells: 0 memorised, 2 levels left

rFire  . . .     SeeInvis .     a - +0 quarterstaff
rCold  . . .     Gourm    .     b - +0 leather armour
rNeg   . . .     Faith    .     (shield currently unavailable)
rPois  .         Spirit   .     c - +0 helmet
rElec  .         Dismiss  .     p - +2 cloak
rCorr  .         Reflect  .     (no gloves)
SustAt +         Harm     .     (no boots)
MR     .....                    (no amulet)
Stlth  +.........               (no ring)
                                (no ring)

@: not resistant to hostile enchantments, very unstealthy
A: high mp 1, sustain attributes
a: no special abilities


You were on level 2 of the Dungeon.
You were not hungry.

You visited 1 branch of the dungeon, and saw 2 of its levels.

You collected 116 gold pieces.

Inventory:

Hand Weapons
 a - a +0 quarterstaff (weapon)
Missiles
 d - 3 throwing nets (quivered)
Armour
 b - a +0 leather armour (worn)
 c - a +0 helmet (worn)
 p - a +2 cloak (worn)
Scrolls
 i - a scroll of enchant armour {unknown}
 n - a scroll of identify {unknown}
 q - a scroll of enchant weapon {unknown}
Potions
 e - a potion of curing
 g - a potion of haste {unknown}
 h - a potion of resistance {unknown}
 j - 2 potions of degeneration {unknown}
 m - a potion of lignification {unknown}
 r - a potion of magic {unknown}
Comestibles
 f - a bread ration
 k - 2 fruits
 l - a meat ration
 o - 2 chunks of flesh


   Skills:
 - Level 1.7 Fighting
 - Level 2.6 Staves
 - Level 1.7 Throwing
 + Level 2.7 Armour
 - Level 3.0 Dodging


You had 2 spell levels left.
You didn't know any spells.

Dungeon Overview and Level Annotations

Branches:
Dungeon (2/15)

Annotations:
D:2 Terence


Innate Abilities, Weirdness & Mutations

You have an increased reservoir of magic (+10% MP).
Your attributes are resistant to harm.


Message History

You hit Terence but do no damage.
Terence is heavily wounded.
Terence barely misses you.
You barely miss Terence.
Terence is heavily wounded.
Terence hits you with a flail.
You hit Terence.
Terence is almost dead.
Terence closely misses you.
You hit Terence but do no damage.
Terence is almost dead.
Terence hits you with a flail.
* * * LOW HITPOINT WARNING * * *
You are too injured to fight recklessly!
You are too injured to fight recklessly!
You are too injured to fight recklessly!
You hit Terence but do no damage.
Terence is almost dead.
Terence hits you with a flail!
You die...

#.....##........#...........
###...##†.......#...........
........#####+#.+.........#
###.........#.#.#.........#
#.........#.#.#.........#
#.........#.#.#.........#
#.........#.#.#....%....#
###.......#.#.#@..†.......
#.......'...@.#.##......
#.......#.#.###.##.$....
#.......#...............
...#########.###.##......
###. #.# #.. .... # #.# #..
..## #.. ... ###


You could see Terence.

Vanquished Creatures
  An adder (D:2)
  2 oozes (D:1)
  4 bats
  3 giant cockroaches
  4 hobgoblins
  9 jackals
  A giant newt (D:1)
  A goblin (D:1)
  5 kobolds
  3 rats (D:1)
33 creatures vanquished.

Notes
Turn   | Place    | Note
--------------------------------------------------------------
     0 | D:1      | Jerry the Demigod Gladiator began the quest for the Orb.
     0 | D:1      | Reached XP level 1. HP: 17/17 MP: 3/3
    49 | D:1      | Reached skill level 3 in Dodging
   217 | D:1      | Reached skill level 1 in Armour
   217 | D:1      | Reached XP level 2. HP: 22/24 MP: 4/4
   524 | D:1      | Reached XP level 3. HP: 29/29 MP: 5/5
   793 | D:2      | Found a glowing golden altar of the Shining One.
  1192 | D:2      | Noticed Terence
  1223 | D:2      | Slain by Terence

Skill      XL: |  1  2 |
---------------+-------+-----
Dodging        | 3 |  3.0
Armour         | 1 2 |  2.7
Fighting       | |  1.7
Staves         | |  2.6
Throwing       | |  1.7

Action                   || total
-------------------------++-------
Melee: Quarterstaff      ||   133
  Eat: Chunk             ||     1
Armor: Leather armour    ||    39
Dodge: Dodged            ||    98
